 Dungeon Crawl Stone Soup version 0.25-a0-346-g140ab784a8 (webtiles) character file.

Game seed: 4378809436759812966, levelgen mode: deterministic

1166 PentaManta the Slinger (level 8, -2/49 HPs)
             Began as a Halfling Hunter on Jan 1, 2020.
             Was a Follower of Okawaru.
             Shot with an arrow by a centaur (11 damage)
             ... on level 6 of the Dungeon.
             The game lasted 00:09:04 (4747 turns).

PentaManta the Slinger (Halfling Hunter)            Turns: 4747, Time: 00:09:05

Health: -2/49      AC:  5    Str: 15    XL:     8   Next: 67%
Magic:  8/8        EV: 14    Int:  9    God:    Okawaru [*.....]
Gold:   433        SH:  0    Dex: 15    Spells: 7/7 levels left

rFire    . . .     SeeInvis .   a - +1 hunting sling
rCold    . . .     Gourm    .   (shield restricted)
rNeg     . . .     Faith    .   c - +0 leather armour
rPois    .         Spirit   .   z - +0 helmet
rElec    .         Reflect  .   l - +0 cloak
rCorr    .         Harm     .   (no gloves)
MR       .....                  (no boots)
Stlth    ++........             (no amulet)
HPRegen  0.16/turn              (no ring)
MPRegen  0.11/turn              (no ring)

@: no status effects
A: small, mutation resistance 1
a: Heroism, Renounce Religion


You were on level 6 of the Dungeon.
You worshipped Okawaru.
Okawaru was aware of your devotion.
You were not hungry.

You visited 1 branch of the dungeon, and saw 6 of its levels.

You collected 433 gold pieces.

Inventory:

Hand Weapons
 a - a +1 hunting sling (weapon)
 j - a +3 short sword
Missiles
 d - 9 sling bullets (quivered)
 i - 128 stones
 p - 15 bolts
 q - 2 curare-tipped darts
 r - 38 poisoned darts
Armour
 c - a +0 leather armour (worn)
 l - a +0 cloak (worn)
 z - a +0 helmet (worn)
Wands
 k - a wand of flame (15)
Scrolls
 g - 3 scrolls of identify
 n - a scroll of teleportation
Potions
 s - a potion of curing
 v - a potion of heal wounds
Comestibles
 b - 2 chunks of flesh
 f - 10 rations


   Skills:
 + Level 1.7 Fighting
 - Level 14.2 Slings
 + Level 0.0 Armour
 + Level 2.1 Dodging
 - Level 1.1 Stealth


You had 7 spell levels left.
You didn't know any spells.
Your spell library contained the following spells:

 Spells                   Type           Power        Failure   Level  Hunger
 Corona                   Hex            #......      45%         1    ##.....
 Ensorcelled Hibernation  Hex/Ice        #.....       58%         2    ###....
 Confuse                  Hex            #.......     83%         3    ####...
 Dazzling Flash           Conj/Hex       #.....       83%         3    ####...
 Tukima's Dance           Hex            #.......     83%         3    ####...


Dungeon Overview and Level Annotations

Branches:
Dungeon (6/15)
 Temple: D:4-7

Altars:
Dithmenos
Okawaru

Annotations:
D:3 1 runed translucent door, stripedtigrrr's ghost, amateur MiBe


Innate Abilities, Weirdness & Mutations

You are small and have problems with some larger weapons.
You are somewhat resistant to further mutation.


Message History

Your Slings skill increases to level 14!
You need to enable at least one skill for training.
You start resting.
A centaur comes into view.
Firing (i - inventory. (/) - cycle)
d - 10 sling bullets (quivered)
Press: ? - help, Shift-Dir - straight line, f - centaur
Aim: a centaur, quivering 12 arrows (hasn't noticed you)
You shoot a sling bullet. The centaur shouts!
The sling bullet hits the centaur!
The centaur is heavily wounded.
The centaur wields a +0 shortbow.
The centaur shoots an arrow.
The arrow hits you!
The centaur shoots an arrow.
The arrow hits you!
* * * LOW HITPOINT WARNING * * *
You see here an arrow.
Items here: )) [[ a +0 dagger; a +0 robe; a +0 dagger; a +0 robe The centaur shoots an arrow.
The arrow hits you!
You die...

............#(( (....
.......... .( #....
......... #.###.c...
#.....# ##((...(...
##<....# .(....<..
#.....## #((.(##
##.....#######(....#
###..###.#.#((.<.###.
##.##...@))..((((....
#......##.)....(.##..
#........#####......#..
######.### #>.#..#.#
..Y #.# ....##...$. .5
... ..#..######.. .
#..# .###.. .# .... #.
#.. ##.. . #..


You could see a centaur.

Vanquished Creatures
  Sigmund (D:3)
  Eustachio (D:4)
  An ice beast (D:6)
  A centaur (D:6)
  2 ogres
  A scorpion (D:3)
  A howler monkey (D:4)
  A crimson imp (D:6)
  2 orc wizards (D:6)
  Natasha (thrice) (D:3)
  2 worker ants
  7 adders
  3 gnolls (D:5)
  A river rat (D:4)
  A shadow imp (D:6)
  An adder skeleton (D:4)
  4 worms
  A dart slug (D:1)
  4 leopard geckos
  12 orcs
  8 giant cockroaches
  5 goblins
  9 hobgoblins
  2 quokkas (D:2)
  A ball python (D:1)
  8 bats
  6 frilled lizards
  7 kobolds
  5 rats
101 creatures vanquished.

Notes
Turn   | Place    | Note
-------+----------+-------------------------------------------
     0 | D:1      | PentaManta the Halfling Hunter began the quest for the Orb.
     0 | D:1      | Reached XP level 1. HP: 14/14 MP: 1/1
   122 | D:1      | Reached skill level 6 in Slings
   294 | D:1      | Reached XP level 2. HP: 19/19 MP: 2/2
   942 | D:2      | Reached skill level 7 in Slings
   942 | D:2      | Reached XP level 3. HP: 24/24 MP: 3/3
  1446 | D:2      | Reached XP level 4. HP: 29/29 MP: 4/4
  1479 | D:2      | Reached skill level 8 in Slings
  1803 | D:3      | Found a runed translucent door.
  1806 | D:3      | Noticed stripedtigrrr's ghost (amateur MiBe)
  1925 | D:3      | Noticed Sigmund
  1953 | D:3      | Killed Sigmund
  1953 | D:3      | Reached skill level 10 in Slings
  1953 | D:3      | Reached XP level 5. HP: 13/34 MP: 5/5
  1953 | D:3      | Reached XP level 6. HP: 15/39 MP: 6/6
  2366 | D:3      | Noticed Natasha
  2372 | D:3      | Killed Natasha
  2395 | D:3      | Reached skill level 11 in Slings
  2395 | D:3      | Reached XP level 7. HP: 40/44 MP: 7/7
  2652 | D:3      | Found a shadowy altar of Dithmenos.
  2683 | D:3      | Noticed Natasha
  2691 | D:3      | Killed Natasha
  2754 | D:3      | Noticed Natasha
  2763 | D:3      | Killed Natasha
  2919 | D:4      | Noticed Eustachio
  2942 | D:4      | Killed Eustachio
  2942 | D:4      | Reached skill level 12 in Slings
  2994 | D:4      | Found a glowing drain.
  3121 | D:4      | Found an iron altar of Okawaru.
  3185 | D:4      | Became a worshipper of Warmaster Okawaru
  3347 | D:4      | Reached XP level 8. HP: 49/49 MP: 8/8
  3797 | D:5      | Entered Level 5 of the Dungeon
  3986 | D:5      | Reached skill level 13 in Slings
  4624 | D:6      | Reached * piety under Okawaru
  4681 | D:6      | Reached skill level 14 in Slings
  4747 | D:6      | Shot with an arrow by a centaur

Levels and vault maps discovered:
D:1:      onia_arrival_mini_spirals, layout_loops_ring, roderic_roman_lattice
D:2:      layout_loops_corners, guppyfry_early_orc_mine
D:3:      layout_loops_ring, ebering_ghost_reflecting_pool,
          kennysheep_flooded_box, uniq_sigmund, uniq_natasha
D:4:      layout_basic, okawaru_gym_becter, cheibrodos_sewer_entry_sluice,
          uniq_eustachio
D:5:      layout_basic, first_ration
D:6:      layout_cave_pools, minmay_temple_entry_sparse_star, uniq_duvessa,
          uniq_blork_the_orc

Skill      XL: |  1  2  3  4  5  6  7  8 |
---------------+-------------------------+-----
Slings         | 6 7 10 11 12 14 | 14.2
Fighting       | |  1.7
Dodging        | |  2.1
Stealth        | |  1.1

Action                   |  1- 3 |  4- 6 |  7- 9 || total
-------------------------+-------+-------+-------++-------
 Fire: Hunting sling     |    77 |   135 |   238 ||   450
Throw: Dart              |       |     3 |       ||     3
  Use: Potion            |       |     4 |       ||     4
       Scroll            |       |       |    10 ||    10
  Eat: Chunk             |     1 |     3 |     7 ||    11
Armor: Leather armour    |     1 |     8 |    12 ||    21
Dodge: Dodged            |    11 |    29 |    64 ||   104

Table legend:
 A = Non-vault XP
 B = Vault XP
 C = Vault XP percentage of total XP
 D = Non-vault monster count
 E = Vault monster count
 F = Vault count percentage of total count
                 A         B        C        D         E       F
            +---------+---------+-------+---------+---------+-------
      Total |    1181 |     485 |  29.1 |      89 |      12 |  11.9
            +---------+---------+-------+---------+---------+-------
        D:1 |      25 |       0 |   0.0 |      14 |       0 |   0.0
        D:2 |      64 |      17 |  21.0 |      20 |       7 |  25.9
        D:3 |     244 |     263 |  51.9 |      26 |       2 |   7.1
        D:4 |     218 |     205 |  48.5 |      10 |       3 |  23.1
        D:5 |     220 |       0 |   0.0 |       9 |       0 |   0.0
        D:6 |     410 |       0 |   0.0 |      10 |       0 |   0.0
            +---------+---------+-------+---------+---------+-------
